[Event "ESP-chT Div I 2018"]
[Site "Linares"]
[Date "2018.08.07"]
[Round "2"]
[White "Gascon del Nogal, Jose Rafael"]
[Black "Bergez, Luc"]
[Result "0-1"]
[ECO "B01"]
[WhiteElo "2476"]
[BlackElo "2327"]
[Annotator "ChessBase"]
[PlyCount "115"]
[EventDate "2018.08.06"]
[EventType "team-tourn"]
[EventCountry "ESP"]
[SourceTitle "playchess.com"]
[Source "ChessBase"]
[SourceQuality "1"]
[TimeControl "40/5400+30:1800+30"]

1. e4 d5 2. exd5 Nf6 3. Nf3 Nxd5 4. d4 Bf5 5. Be2 e6 6. O-O Be7 7. c4 Nb4 8. Na3 c5 9. Be3 cxd4 10. Nxd4 Bg6 11. Bf3 N8c6 12. Nxc6 Nxc6 13. Qxd8+ Rxd8 14. Nb5 a6 15. Nc7+ Kd7 16. Bb6 Kc8 17. Bxc6 Rd6 18. Bc5 Rxc6 19. Bxe7 Rxc7 20. Bb4 Bd3 21. Rfd1 Bxc4 22. Bc3 f6 23. f3 Bd5 24. Rd2 Rc4 25. Kf2 Kd7 26. a3 Ke7 27. Rc1 Kf7 28. Rd4 Rxd4 29. Bxd4 Bc6 30. Bb6 Rc8 31. b4 g5 32. a4 Re8 33. a5 Kg6 34. Rd1 Bd5 35. Rc1 h5 36. h3 Bc6 37. Rd1 Bd5 38. Rc1 Kf5 39. Rc7 h4 40. Ke3 e5 41. Rd7 Ke6 42. Rd8 Re7 43. Bc5 Rd7 44. Rxd7 Kxd7 45. Bf8 Ke6 46. Bc5 f5 47. Bf8 g4 48. hxg4 fxg4 49. Kf2 g3+ 50. Ke3 Bc4 51. Bh6 Kf5 52. Bf8 Ke6 53. Bh6 Kf5 54. Bf8 Kf6 55. f4 Bd5 56. fxe5+ Kf5 57. e6 Bxg2 58. Kd4 {Ke5+} 0-1

[Event "ESP-chT Div I 2018"]
[Site "Linares"]
[Date "2018.08.07"]
[Round "2"]
[White "Cramling, Pia"]
[Black "Franco Alonso, Alejandro"]
[Result "1-0"]
[ECO "A13"]
[WhiteElo "2453"]
[BlackElo "2410"]
[Annotator "ChessBase"]
[PlyCount "81"]
[EventDate "2018.08.06"]
[EventType "team-tourn"]
[EventCountry "ESP"]
[SourceTitle "playchess.com"]
[Source "ChessBase"]
[SourceQuality "1"]
[TimeControl "40/5400+30:1800+30"]

1. Nf3 Nf6 2. c4 e6 3. g3 d5 4. Bg2 dxc4 5. Qa4+ c6 6. Qxc4 b5 7. Qc2 Bb7 8. d4 Nbd7 9. Ne5 Nxe5 10. dxe5 Nd7 11. O-O Qb6 12. Bf4 Be7 13. Nc3 O-O 14. Rfd1 Rfd8 15. Ne4 c5 16. Bg5 Bxg5 17. Nxg5 Nf8 18. Bxb7 Qxb7 19. Qxc5 h6 20. Nf3 Rdc8 21. Qe3 Rc4 22. Rd4 Rc2 23. Rd2 Rac8 24. Rad1 Rxd2 25. Rxd2 Rc1+ 26. Kg2 Rc8 27. Rd6 Nd7 28. Qd4 Rc7 29. h4 Nf8 30. Qd3 a6 31. Kh2 Rc1 32. Qd2 Rc8 33. Qd3 Rc1 34. h5 Rc8 35. Ne1 Rc1 36. Qd2 Ra1 37. a3 Qe4 38. Rd8 Qxe5 39. Rxf8+ Kh7 40. Qd3+ f5 41. Qd8 1-0

[Event "ESP-chT Div I 2018"]
[Site "Linares"]
[Date "2018.08.07"]
[Round "2"]
[White "Almagro Llamas, Pablo"]
[Black "Badillo Ramos, Steve"]
[Result "1-0"]
[ECO "E14"]
[WhiteElo "2442"]
[BlackElo "1901"]
[Annotator "NA"]
[PlyCount "107"]
[EventDate "2018.08.06"]
[EventType "team-tourn"]
[EventCountry "ESP"]
[SourceTitle "playchess.com"]
[Source "ChessBase"]
[SourceQuality "1"]
[TimeControl "40/5400+30:1800+30"]

1. Nf3 Nf6 2. c4 e6 3. d4 b6 4. e3 Bb7 5. Bd3 Be7 6. O-O O-O 7. b3 c5 8. Bb2 cxd4 9. exd4 d5 10. Nbd2 Ne4 11. Qe2 f5 12. Rfd1 Nd7 13. Rac1 g5 14. cxd5 exd5 15. Nf1 Bd6 16. Ne5 Bxe5 17. dxe5 Ndc5 18. Bc4 Ne6 19. Ne3 Nf4 20. Qe1 dxc4 21. Rxd8 Raxd8 22. e6 Nd3 23. Qe2 Nxc1 24. Qxc4 Rc8 25. Qb5 Nc3 26. Bxc3 Rxc3 27. e7 Rc5 28. exf8=Q+ Kxf8 29. Qd7 Ne2+ 30. Kf1 Nf4 31. Ke1 Nxg2+ 32. Nxg2 Bxg2 33. Qd8+ Kf7 34. Qxg5 Bf3 35. Kd2 Be4 36. Ke3 Bb1 37. Qh6 Kg8 38. Qe6+ Kf8 39. Qd6+ Kf7 40. Qd7+ Kf8 41. Qxa7 Ra5 42. Qb8+ Kf7 43. a4 Be4 44. Qc7+ Kg8 45. Qxb6 Rd5 46. b4 Rd3+ 47. Kf4 Ra3 48. a5 Bd3 49. Qe6+ Kg7 50. Qe5+ Kg6 51. Qb2 Ra4 52. Qb3 Bb5 53. Qe6+ Kg7 54. Qe5+ 1-0

[Event "ESP-chT Div I 2018"]
[Site "Linares"]
[Date "2018.08.07"]
[Round "2"]
[White "Gonzalez de la Torre, Santiago"]
[Black "Granero Roca, Antonio"]
[Result "1/2-1/2"]
[ECO "C65"]
[WhiteElo "2434"]
[BlackElo "2383"]
[Annotator "NA"]
[PlyCount "58"]
[EventDate "2018.08.06"]
[EventType "team-tourn"]
[EventCountry "ESP"]
[SourceTitle "playchess.com"]
[Source "ChessBase"]
[SourceQuality "1"]
[TimeControl "40/5400+30:1800+30"]

1. e4 e5 2. Nf3 Nc6 3. Bb5 Nf6 4. d3 Bc5 5. c3 O-O 6. O-O d5 7. Nbd2 dxe4 8. dxe4 Qe7 9. b4 Bd6 10. Bd3 Rd8 11. Qe2 Bg4 12. h3 Bh5 13. Nc4 Bxb4 14. cxb4 Nd4 15. Qe3 Bxf3 16. gxf3 Nh5 17. Kh2 Qf6 18. Rd1 Nf4 19. Bb2 Qh4 20. Bf1 Nc2 21. Qc5 b6 22. Nxb6 Nd4 23. Bxd4 exd4 24. Nd5 Qxf2+ 25. Kh1 Qxf3+ 26. Kh2 Qf2+ 27. Kh1 Rxd5 28. exd5 Qf3+ 29. Kg1 Qg3+ 1/2-1/2

[Event "ESP-chT Div I 2018"]
[Site "Linares"]
[Date "2018.08.07"]
[Round "2"]
[White "Plazuelo Pascual, Juan"]
[Black "Alonso Alvarez, Aitor"]
[Result "1-0"]
[ECO "E20"]
[WhiteElo "2429"]
[BlackElo "2306"]
[Annotator "NA"]
[PlyCount "61"]
[EventDate "2018.08.06"]
[EventType "team-tourn"]
[EventCountry "ESP"]
[SourceTitle "playchess.com"]
[Source "ChessBase"]
[SourceQuality "1"]
[TimeControl "40/5400+30:1800+30"]

1. d4 Nf6 2. c4 e6 3. Nc3 Bb4 4. f3 O-O 5. a3 Bxc3+ 6. bxc3 d5 7. cxd5 exd5 8. e3 b6 9. Bd3 Ba6 10. Ne2 c5 11. O-O Bxd3 12. Qxd3 Re8 13. Ng3 Nc6 14. Bb2 Na5 15. e4 Nc4 16. Bc1 cxd4 17. cxd4 b5 18. e5 Nd7 19. f4 a5 20. f5 b4 21. f6 g6 22. Nf5 Qb6 23. Kh1 b3 24. Bh6 Ndxe5 25. dxe5 Nxe5 26. Qg3 Qxf6 27. Bg5 Qb6 28. Ne7+ Rxe7 29. Bxe7 b2 30. Rae1 Nc4 31. Qf3 1-0

[Event "ESP-chT Div I 2018"]
[Site "Linares"]
[Date "2018.08.07"]
[Round "2"]
[White "Argandona Riveiro, Inigo"]
[Black "Garcia Molina, Jose"]
[Result "1/2-1/2"]
[ECO "B29"]
[WhiteElo "2415"]
[BlackElo "1969"]
[Annotator "NA"]
[PlyCount "81"]
[EventDate "2018.08.06"]
[EventType "team-tourn"]
[EventCountry "ESP"]
[SourceTitle "playchess.com"]
[Source "ChessBase"]
[SourceQuality "1"]
[TimeControl "40/5400+30:1800+30"]

1. d3 d5 2. c3 Nf6 3. Nd2 c5 4. e4 Nc6 5. Ngf3 e5 6. Be2 Be7 7. O-O O-O 8. Re1 Qc7 9. exd5 Nxd5 10. Bf1 Be6 11. Nc4 f6 12. d4 cxd4 13. cxd4 Rad8 14. Ncd2 Bf7 15. dxe5 fxe5 16. a3 Nf4 17. Qc2 Qb8 18. Ne4 Bg6 19. Qb3+ Kh8 20. Bb5 Nd4 21. Nxd4 Rxd4 22. Bxf4 Rxf4 23. f3 Qf8 24. Bd3 Bc5 25. Kh1 Bb6 26. Rad1 Rxf3 27. Rf1 Rxf1+ 28. Rxf1 Qd8 29. Nf2 e4 30. Bb5 h6 31. Ng4 Qe7 32. Qh3 Kh7 33. b3 Rd5 34. Bc4 Rh5 35. Qg3 Bc7 36. Qe3 Qg5 37. Qxg5 Rxg5 38. Rf8 Rf5 39. Bg8+ Kh8 40. Bf7+ Kh7 41. Bg8+ 1/2-1/2

[Event "ESP-chT Div I 2018"]
[Site "Linares"]
[Date "2018.08.07"]
[Round "2"]
[White "Tejedor Fuente, Enrique"]
[Black "Dvirnyy, Danyyil"]
[Result "1-0"]
[ECO "B11"]
[WhiteElo "2408"]
[BlackElo "2496"]
[Annotator "ChessBase"]
[PlyCount "51"]
[EventDate "2018.08.06"]
[EventType "team-tourn"]
[EventCountry "ESP"]
[SourceTitle "playchess.com"]
[Source "ChessBase"]
[SourceQuality "1"]
[TimeControl "40/5400+30:1800+30"]

1. e4 c6 2. Nc3 d5 3. Nf3 Bg4 4. h3 Bxf3 5. Qxf3 e6 6. d3 Nd7 7. Bd2 Qb6 8. O-O-O Bd6 9. g4 Ne7 10. h4 Be5 11. Qe2 O-O-O 12. f4 Bd4 13. Re1 dxe4 14. dxe4 Bf2 15. Na4 Qd4 16. Bc3 Qxa4 17. Qxf2 Qxa2 18. Bd3 f6 19. Kd2 Nb6 20. Ra1 Qc4 21. Rxa7 Qxe4 22. Re1 Nc4+ 23. Kc1 Qd5 24. b3 Nd6 25. Ra5 b5 26. Ra7 1-0

[Event "ESP-chT Div I 2018"]
[Site "Linares"]
[Date "2018.08.07"]
[Round "2"]
[White "Alonso Moyano, Jonathan"]
[Black "Vazquez Igarza, Renier"]
[Result "0-1"]
[ECO "B23"]
[WhiteElo "2388"]
[BlackElo "2577"]
[Annotator "RC"]
[PlyCount "87"]
[EventDate "2018.08.06"]
[EventType "team-tourn"]
[EventCountry "ESP"]
[SourceTitle "playchess.com"]
[Source "ChessBase"]
[SourceQuality "1"]
[TimeControl "40/5400+30:1800+30"]

1. e4 c5 2. Nc3 d6 3. f4 g6 4. Nf3 Bg7 5. Bb5+ Bd7 6. Bxd7+ Qxd7 7. O-O Nc6 8. d3 Nh6 9. Bd2 f5 10. Rb1 O-O 11. a3 Rac8 12. Kh1 b6 13. Ne2 Nd4 14. c3 Nxf3 15. Rxf3 e6 16. c4 Ng4 17. h3 Nf6 18. Nc3 Qc6 19. Qe2 Rce8 20. b4 Nh5 21. b5 Qb7 22. Rbf1 Bd4 23. exf5 gxf5 24. Qd1 Kh8 25. Ne2 Rg8 26. Qe1 Qg7 27. g3 e5 28. fxe5 Rxe5 29. Qd1 Rxe2 30. Qxe2 Nxg3+ 31. Rxg3 Qxg3 32. Qf3 Be5 33. Qxg3 Rxg3 34. Rxf5 Rxd3 35. Bf4 Bxf4 36. Rxf4 Rxh3+ 37. Kg2 Rxa3 38. Rf8+ Kg7 39. Rd8 Ra4 40. Rd7+ Kf6 41. Rxd6+ Ke5 42. Rd7 h5 43. Rd5+ Ke4 44. Rxh5 {[%emt 0:00:07] Ke5} 0-1

[Event "ESP-chT Div I 2018"]
[Site "Linares"]
[Date "2018.08.07"]
[Round "2"]
[White "Ortega Hermida, Daniel"]
[Black "Gonzalez Laso, Adrian"]
[Result "1-0"]
[ECO "B33"]
[WhiteElo "2334"]
[BlackElo "2168"]
[Annotator "NA"]
[PlyCount "71"]
[EventDate "2018.08.06"]
[EventType "team-tourn"]
[EventCountry "ESP"]
[SourceTitle "playchess.com"]
[Source "ChessBase"]
[SourceQuality "1"]
[TimeControl "40/5400+30:1800+30"]

1. e4 c5 2. Nf3 Nc6 3. d4 cxd4 4. Nxd4 Nf6 5. Nc3 e5 6. Ndb5 d6 7. Bg5 a6 8. Na3 b5 9. Bxf6 gxf6 10. Nd5 Bg7 11. g3 f5 12. Bg2 f4 13. c4 b4 14. Nb1 Rb8 15. Nd2 O-O 16. O-O Ne7 17. Qh5 Nxd5 18. cxd5 f5 19. Bh3 fxg3 20. hxg3 f4 21. Bf5 Bxf5 22. exf5 Rf6 23. Ne4 Rh6 24. Qg4 Kh8 25. Kg2 Qa5 26. Rfd1 Rg8 27. Qf3 Rf8 28. g4 Rh4 29. Rh1 Rxh1 30. Rxh1 Kg8 31. a3 bxa3 32. bxa3 h6 33. f6 Bxf6 34. Rxh6 Kg7 35. g5 Bxg5 36. Rxd6 1-0

[Event "ESP-chT Div I 2018"]
[Site "Linares"]
[Date "2018.08.07"]
[Round "2"]
[White "Cano Sanchez, Josue"]
[Black "Shvayger, Yuliya"]
[Result "1/2-1/2"]
[ECO "A48"]
[WhiteElo "2312"]
[BlackElo "2390"]
[Annotator "NA"]
[PlyCount "90"]
[EventDate "2018.08.06"]
[EventType "team-tourn"]
[EventCountry "ESP"]
[SourceTitle "playchess.com"]
[Source "ChessBase"]
[SourceQuality "1"]
[TimeControl "40/5400+30:1800+30"]

1. d4 Nf6 2. Nf3 g6 3. Bg5 Bg7 4. Nbd2 O-O 5. c3 d6 6. e4 c5 7. dxc5 dxc5 8. Bc4 Nc6 9. Qe2 Qc7 10. O-O Na5 11. Bd3 Be6 12. Nc4 h6 13. Bxf6 Bxf6 14. Nxa5 Qxa5 15. Bc4 Qb6 16. Bxe6 Qxe6 17. Nd2 Rfd8 18. Rfd1 Bg7 19. a4 Rd7 20. Nc4 Rad8 21. Rxd7 Rxd7 22. f3 f5 23. Re1 fxe4 24. Qxe4 Qxe4 25. Rxe4 Kf7 26. Kf2 b6 27. Re1 Rb7 28. Ke2 a6 29. Kd3 Bf6 30. Kc2 h5 31. Nd2 Rd7 32. Ne4 c4 33. Nd2 b5 34. axb5 axb5 35. Ne4 Rb7 36. Ra1 Be5 37. g3 h4 38. Ra6 hxg3 39. hxg3 Rb8 40. Ng5+ Kg7 41. Ne6+ Kf7 42. Ng5+ Kg7 43. Ne6+ Kf7 44. Ng5+ Kg7 45. Ne6+ Kf7 1/2-1/2

[Event "ESP-chT Div I 2018"]
[Site "Linares"]
[Date "2018.08.07"]
[Round "2"]
[White "Ortega Ruiz, Jose Miguel"]
[Black "Garcia Castany Musellas, Gal La"]
[Result "1-0"]
[ECO "C70"]
[WhiteElo "2280"]
[BlackElo "2203"]
[Annotator "NA"]
[PlyCount "82"]
[EventDate "2018.08.06"]
[EventType "team-tourn"]
[EventCountry "ESP"]
[SourceTitle "playchess.com"]
[Source "ChessBase"]
[SourceQuality "1"]
[TimeControl "40/5400+30:1800+30"]

1. e4 e5 2. Nf3 Nc6 3. Bb5 a6 4. Ba4 Nge7 5. c3 g6 6. d4 exd4 7. cxd4 Bg7 8. d5 b5 9. Bc2 Na5 10. Bd2 c5 11. d6 Nec6 12. Bc3 O-O 13. O-O Bb7 14. Bxg7 Kxg7 15. Nc3 Nb4 16. Bb1 Nc4 17. a3 Nc6 18. Ba2 Qf6 19. Bxc4 bxc4 20. Na4 Ne5 21. Nxc5 Bc6 22. Nd4 Nd3 23. Nxc6 Nxc5 24. Na5 Nxe4 25. Nxc4 Rac8 26. Nb6 Rcd8 27. Nc4 Rc8 28. Qd5 Rfe8 29. Rad1 Rc6 30. f3 Ng5 31. Rfe1 Rxe1+ 32. Rxe1 Ne6 33. b3 Rc5 34. Qe4 Nd4 35. Re3 Nf5 36. Rd3 Qa1+ 37. Kf2 Qa2+ 38. Qe2 Qa1 39. Qe1 Qf6 40. Kg1 Nd4 41. Qd1 Nf5 1-0

[Event "ESP-chT Div I 2018"]
[Site "Linares"]
[Date "2018.08.07"]
[Round "2"]
[White "Rivas Garcia, Victor"]
[Black "Martin Duque, Jesus"]
[Result "0-1"]
[ECO "C50"]
[WhiteElo "2217"]
[BlackElo "2378"]
[Annotator "NA"]
[PlyCount "86"]
[EventDate "2018.08.06"]
[EventType "team-tourn"]
[EventCountry "ESP"]
[SourceTitle "playchess.com"]
[Source "ChessBase"]
[SourceQuality "1"]
[TimeControl "40/5400+30:1800+30"]

1. e4 e5 2. Bc4 Nf6 3. d3 Nc6 4. Nf3 Bc5 5. c3 O-O 6. Bb3 h6 7. h3 d5 8. exd5 Nxd5 9. O-O Bf5 10. Re1 Qd6 11. Bc2 Rfe8 12. Nbd2 Qd7 13. Ne4 Bb6 14. Bb3 Nf4 15. Bxf4 exf4 16. Qd2 Bxe4 17. Rxe4 Rxe4 18. dxe4 Qxd2 19. Nxd2 Ne5 20. Rd1 Rd8 21. Kf1 g5 22. Ke2 g4 23. f3 g3 24. Bd5 Ng6 25. Nc4 Kg7 26. Nxb6 axb6 27. Rd4 c6 28. Bb3 Rxd4 29. cxd4 c5 30. d5 Ne5 31. d6 Kf8 32. Bd5 Ke8 33. b3 Kd7 34. Bxb7 Kxd6 35. Bd5 f6 36. Bc4 Kc6 37. Ke1 b5 38. Be2 b4 39. Kd2 c4 40. Bxc4 Nxf3+ 41. Ke2 Ne5 42. Kd2 Nxc4+ 43. bxc4 f3 0-1

[Event "ESP-chT Div I 2018"]
[Site "Linares"]
[Date "2018.08.07"]
[Round "2"]
[White "Vega Gutierrez, Belinda Vidina"]
[Black "Prado Acebo, Ines"]
[Result "0-1"]
[ECO "C03"]
[WhiteElo "2165"]
[BlackElo "2084"]
[Annotator "NA"]
[PlyCount "120"]
[EventDate "2018.08.06"]
[EventType "team-tourn"]
[EventCountry "ESP"]
[SourceTitle "playchess.com"]
[Source "ChessBase"]
[SourceQuality "1"]
[TimeControl "40/5400+30:1800+30"]

1. e4 e6 2. d4 d5 3. Nd2 Be7 4. Ngf3 Nf6 5. e5 Nfd7 6. Bd3 c5 7. O-O cxd4 8. Re1 Nc6 9. Nb3 Qc7 10. Bf4 Bb4 11. Re2 Qb6 12. h4 a6 13. h5 Qa7 14. g3 b5 15. Kg2 Bb7 16. Qh1 Qb6 17. Qh4 Nc5 18. Nxc5 Bxc5 19. Qg5 Bf8 20. Bd2 Rc8 21. Qf4 h6 22. g4 Be7 23. Rh1 Qc7 24. g5 Kd7 25. Rh3 Rcf8 26. gxh6 gxh6 27. Rg3 f6 28. Rg6 fxe5 29. Qg4 Rf6 30. Bxh6 Rxh6 31. Rxh6 Rxh6 32. Qg7 Rxh5 33. Bg6 e4 34. Bxh5 exf3+ 35. Bxf3 Qf4 36. Bg4 Nd8 37. f3 Qf6 38. Qh7 Bc8 39. Qd3 Kc7 40. Qb3 Bd6 41. a4 Qf4 42. axb5 Qh2+ 43. Kf1 Qh1+ 44. Kf2 Be7 45. Kg3 Bd6+ 46. Kf2 Qh4+ 47. Kf1 Bg3 48. Rg2 axb5 49. Qxb5 Nc6 50. Qc5 Qh1+ 51. Rg1 Ba6+ 52. c4 Bxc4+ 53. Qxc4 Qxg1+ 54. Kxg1 dxc4 55. Bxe6 Ne5 56. Kf1 Kd6 57. Bg8 Bf4 58. Ke2 Kc5 59. Kd1 Kb4 60. Kc2 d3+ 0-1

[Event "ESP-chT Div I 2018"]
[Site "Linares"]
[Date "2018.08.07"]
[Round "2"]
[White "Garcia Perez, Javier"]
[Black "Gutierrez Olivares, Daniel"]
[Result "0-1"]
[ECO "C41"]
[WhiteElo "2090"]
[BlackElo "2297"]
[Annotator "NA"]
[PlyCount "38"]
[EventDate "2018.08.06"]
[EventType "team-tourn"]
[EventCountry "ESP"]
[SourceTitle "playchess.com"]
[Source "ChessBase"]
[SourceQuality "1"]
[TimeControl "40/5400+30:1800+30"]

1. e4 d6 2. d4 Nf6 3. Nc3 e5 4. Nf3 Nbd7 5. Bc4 Be7 6. O-O O-O 7. Re1 c6 8. a4 exd4 9. Nxd4 Ne5 10. Ba2 Re8 11. h3 Bd7 12. f4 Ng6 13. g4 h6 14. Qf3 d5 15. exd5 Qb6 16. Be3 Bc5 17. a5 Qb4 18. Red1 Nh4 19. Qf2 Rxe3 0-1

[Event "ESP-chT Div I 2018"]
[Site "Linares"]
[Date "2018.08.07"]
[Round "2"]
[White "Martin Capitan, Feliciano"]
[Black "Aranaz Murillo, Amalia"]
[Result "0-1"]
[ECO "B13"]
[WhiteElo "2066"]
[BlackElo "2227"]
[Annotator "NA"]
[PlyCount "54"]
[EventDate "2018.08.06"]
[EventType "team-tourn"]
[EventCountry "ESP"]
[SourceTitle "playchess.com"]
[Source "ChessBase"]
[SourceQuality "1"]
[TimeControl "40/5400+30:1800+30"]

1. e4 c6 2. d4 d5 3. exd5 cxd5 4. Bf4 Nc6 5. c3 Nf6 6. Nf3 Bf5 7. Nbd2 e6 8. Qb3 Qc8 9. Nh4 Bg4 10. h3 Bh5 11. g4 Bg6 12. Nxg6 hxg6 13. Bg2 Qd7 14. Nf3 Ne4 15. Ne5 Nxe5 16. Bxe5 Nd6 17. O-O Nc4 18. Rfe1 Rc8 19. f4 f6 20. f5 fxe5 21. fxe6 Qc6 22. Bxd5 Qxd5 23. e7 Bxe7 24. Rxe5 Qf3 25. Qb5+ Qc6 26. Rxe7+ Kxe7 27. Re1+ Kd7 0-1

[Event "ESP-chT Div I 2018"]
[Site "Linares"]
[Date "2018.08.07"]
[Round "2"]
[White "Rodrigo Yanguas, Maria"]
[Black "Bermudez Revuelta, Paula"]
[Result "1-0"]
[ECO "A05"]
[WhiteElo "2062"]
[BlackElo "1887"]
[Annotator "NA"]
[PlyCount "115"]
[EventDate "2018.08.06"]
[EventType "team-tourn"]
[EventCountry "ESP"]
[SourceTitle "playchess.com"]
[Source "ChessBase"]
[SourceQuality "1"]
[TimeControl "40/5400+30:1800+30"]

1. Nf3 Nf6 2. g3 c5 3. Bg2 g6 4. c4 Bg7 5. O-O d5 6. d4 cxd4 7. cxd5 Nxd5 8. Nxd4 O-O 9. Nb5 Nb4 10. Qb3 Qa5 11. N1a3 a6 12. Bd2 axb5 13. Bxb4 Qa4 14. Rad1 Qxb3 15. axb3 Bxb2 16. Nxb5 Bf6 17. Nc7 Ra2 18. Nd5 Re8 19. Bxe7 Bxe7 20. Nxe7+ Rxe7 21. Rd8+ Kg7 22. Rxc8 Nc6 23. e3 Rb2 24. Bd5 Rd7 25. e4 Nd4 26. Rd1 Nf3+ 27. Kg2 Ne5 28. h3 Re2 29. Re8 Nc6 30. Kf3 Rb2 31. Ke3 Nb4 32. Kd4 Rxf2 33. Kc5 Nc6 34. Rc1 Rf3 35. Bxc6 Rc7 36. Kd6 Rxc6+ 37. Rxc6 Rd3+ 38. Ke7 bxc6 39. Rf8 f5 40. Rf7+ Kg8 41. Rf8+ Kg7 42. Rf7+ Kg8 43. e5 Rxb3 44. Kf6 c5 45. e6 Rb6 46. Rc7 h5 47. Rxc5 h4 48. gxh4 f4 49. Rc4 f3 50. Rf4 Kf8 51. Rxf3 Ke8 52. Ra3 Kd8 53. Ra7 Kc8 54. Kf7 Rb4 55. e7 Rf4+ 56. Kxg6 Re4 57. e8=Q+ Rxe8 58. Ra8+ 1-0

[Event "ESP-chT Div I 2018"]
[Site "Linares"]
[Date "2018.08.07"]
[Round "2"]
[White "Vergara Anton, Diego"]
[Black "Rubio Mejia, Luis Ignacio"]
[Result "1/2-1/2"]
[ECO "E17"]
[WhiteElo "2022"]
[BlackElo "2442"]
[Annotator "NA"]
[PlyCount "62"]
[EventDate "2018.08.06"]
[EventType "team-tourn"]
[EventCountry "ESP"]
[SourceTitle "playchess.com"]
[Source "ChessBase"]
[SourceQuality "1"]
[TimeControl "40/5400+30:1800+30"]

1. d4 Nf6 2. Nf3 e6 3. g3 b6 4. Bg2 Bb7 5. O-O Be7 6. c4 O-O 7. b3 c5 8. Bb2 cxd4 9. Nxd4 Bxg2 10. Kxg2 Qc8 11. Nd2 a6 12. e3 Ra7 13. Qf3 Rc7 14. Rac1 d6 15. Nc2 Nbd7 16. Bxf6 Nxf6 17. Nd4 b5 18. Rc2 d5 19. Rfc1 Ba3 20. Rb1 bxc4 21. bxc4 dxc4 22. Rc3 Bc5 23. Rbc1 Bxd4 24. exd4 Qd8 25. Rxc4 Rd7 26. Nb3 Rd5 27. Rc5 h6 28. Rxd5 Nxd5 29. Nc5 Qa5 30. Qe2 Qb4 31. Qd3 Ra8 1/2-1/2

[Event "ESP-chT Div I 2018"]
[Site "Linares"]
[Date "2018.08.07"]
[Round "2"]
[White "Gonzalez Guedes, Iyan"]
[Black "Vazquez Torres, Adrian"]
[Result "0-1"]
[ECO "B50"]
[WhiteElo "1925"]
[BlackElo "2174"]
[Annotator "NA"]
[PlyCount "68"]
[EventDate "2018.08.06"]
[EventType "team-tourn"]
[EventCountry "ESP"]
[SourceTitle "playchess.com"]
[Source "ChessBase"]
[SourceQuality "1"]
[TimeControl "40/5400+30:1800+30"]

1. e4 c5 2. Nf3 d6 3. c3 Nf6 4. Bd3 g6 5. O-O Bg7 6. Bc2 O-O 7. h3 Nc6 8. d4 e5 9. dxe5 dxe5 10. Be3 b6 11. Nbd2 Ba6 12. Re1 Qc7 13. a3 c4 14. Qe2 Na5 15. Bb1 Bb7 16. Ba2 Rac8 17. Bg5 h6 18. Bh4 Nh5 19. Red1 Nf4 20. Qe3 f5 21. g3 Nxh3+ 22. Kh2 Nxf2 23. Qxf2 fxe4 24. b4 cxb3 25. Nxb3 Nxb3 26. Bxb3+ Kh7 27. Be6 Rxf3 28. Qa2 Rcf8 29. g4 Qxc3 30. g5 Qe3 31. Kg2 Qf4 32. Rd7 Qxh4 33. Rxg7+ Kxg7 34. gxh6+ Kh8 0-1

[Event "ESP-chT Div I 2018"]
[Site "Linares"]
[Date "2018.08.08"]
[Round "3"]
[White "Quesada Perez, Yasser"]
[Black "Plazuelo Pascual, Juan"]
[Result "1/2-1/2"]
[ECO "C00"]
[WhiteElo "2534"]
[BlackElo "2429"]
[Annotator "ChessBase"]
[PlyCount "86"]
[EventDate "2018.08.06"]
[EventType "team-tourn"]
[EventCountry "ESP"]
[SourceTitle "playchess.com"]
[Source "ChessBase"]
[SourceQuality "1"]
[TimeControl "40/5400+30:1800+30"]

1. e4 e6 2. d4 d5 3. Bd3 dxe4 4. Bxe4 Nf6 5. Bf3 c5 6. Ne2 Nc6 7. Be3 cxd4 8. Nxd4 Ne5 9. Nc3 Bb4 10. Ndb5 Bd7 11. a3 Bxc3+ 12. Nxc3 Bc6 13. Bxc6+ Nxc6 14. Bg5 h6 15. Bh4 Qxd1+ 16. Rxd1 Ke7 17. f4 Rhd8 18. O-O b6 19. f5 Rxd1 20. Rxd1 Rd8 21. Rxd8 Nxd8 22. Ne4 exf5 23. Nxf6 gxf6 24. Kf2 Ke6 25. Bg3 Nc6 26. Bf4 Ne5 27. Kg3 h5 28. Bd2 Ng6 29. c4 Ke5 30. Bc3+ Ke6 31. Bd2 Ke5 32. Bc3+ Ke6 33. b4 f4+ 34. Kh3 Ne5 35. c5 bxc5 36. b5 f3 37. gxf3 Nxf3 38. a4 Nd4 39. Kh4 Nf3+ 40. Kg3 Nd4 41. Kh4 Nf3+ 42. Kg3 Nd4 43. Kh4 Ke5 1/2-1/2

[Event "ESP-chT Div I 2018"]
[Site "Linares"]
[Date "2018.08.08"]
[Round "3"]
[White "Alsina Leal, Daniel"]
[Black "Tejedor Fuente, Enrique"]
[Result "1-0"]
[ECO "C04"]
[WhiteElo "2480"]
[BlackElo "2408"]
[Annotator "ChessBase"]
[PlyCount "61"]
[EventDate "2018.08.06"]
[EventType "team-tourn"]
[EventCountry "ESP"]
[SourceTitle "playchess.com"]
[Source "ChessBase"]
[SourceQuality "1"]
[TimeControl "40/5400+30:1800+30"]

1. e4 e6 2. d4 d5 3. Nd2 Nc6 4. Ngf3 Nf6 5. e5 Nd7 6. Nb3 f6 7. Bb5 fxe5 8. dxe5 Qe7 9. O-O Nb6 10. a4 Bd7 11. a5 Nc8 12. a6 b6 13. c4 Nb4 14. Bd2 c6 15. cxd5 Nxd5 16. Bc4 c5 17. Bxd5 exd5 18. e6 Bc6 19. Nbd4 cxd4 20. Nxd4 Qc7 21. Qf3 Bc5 22. Nxc6 Qxc6 23. Qf7+ Kd8 24. Rac1 Nd6 25. Qxg7 Re8 26. b4 Nc4 27. bxc5 Nxd2 28. cxb6 Nc4 29. b7 Rxe6 30. Rxc4 dxc4 31. Rd1+ 1-0

[Event "ESP-chT Div I 2018"]
[Site "Linares"]
[Date "2018.08.08"]
[Round "3"]
[White "Moreno Ruiz, Javier"]
[Black "Gonzalez de la Torre, Santiago"]
[Result "1/2-1/2"]
[ECO "B22"]
[WhiteElo "2450"]
[BlackElo "2434"]
[Annotator "ChessBase"]
[PlyCount "101"]
[EventDate "2018.08.06"]
[EventType "team-tourn"]
[EventCountry "ESP"]
[SourceTitle "playchess.com"]
[Source "ChessBase"]
[SourceQuality "1"]
[TimeControl "40/5400+30:1800+30"]

1. e4 c5 2. c3 Nf6 3. e5 Nd5 4. d4 cxd4 5. Nf3 Nc6 6. cxd4 d6 7. Bc4 Nb6 8. Bb5 dxe5 9. Nxe5 Bd7 10. Nxd7 Qxd7 11. O-O Rd8 12. Nc3 e6 13. a4 Be7 14. a5 Nd5 15. a6 O-O 16. axb7 Qxb7 17. Qa4 Nxd4 18. Qxd4 Nxc3 19. Qxc3 Qxb5 20. Rxa7 Bc5 21. Ra1 Qe2 22. Be3 Bxe3 23. Qxe3 Qxb2 24. g3 Rd5 25. Rab1 Qf6 26. Rfd1 Re5 27. Qd3 Rf5 28. Qe2 g5 29. Rb4 Kg7 30. h4 h6 31. hxg5 hxg5 32. Qb2 Rc8 33. Qxf6+ Kxf6 34. Rd2 Kg6 35. Kg2 Re5 36. Rbd4 Kf5 37. Rd8 Rc1 38. Rd1 Rxd1 39. Rxd1 Re2 40. Rd7 f6 41. Re7 Kg4 42. Ra7 e5 43. Ra4+ e4 44. Rb4 f5 45. Ra4 Rb2 46. Rc4 Ra2 47. Rb4 Rd2 48. Ra4 Re2 49. Rb4 Kh5 50. Rb5 Kg4 51. Rb4 1/2-1/2